 Dungeon Crawl Stone Soup version 0.30-a0-591-g3c58d2bc28 (console) character file.

Game seed: 4707880423539177857

4166 jejorda2 the Impaler (level 10, -2/114 HPs)
             Began as a Merfolk Berserker on Jan 5, 2023.
             Was an Elder of Trog.
             Slain by an orc
             ... wielding a +0 short sword
              (3 damage)
             ... on level 9 of the Dungeon.
             The game lasted 00:17:02 (8182 turns).

jejorda2 the Impaler (Merfolk Berserker)            Turns: 8182, Time: 00:17:03

Health: -2/114     AC:  7    Str: 22    XL:     10   Next: 28%
Magic:  10/10      EV:  8    Int:  7    God:    Trog [****..]
Gold:   423        SH:  0    Dex: 15    Spells: 9/9 levels left

rFire   . . .      SeeInvis .    a - +0 scythe
rCold   . . .      Faith    .    (shield currently unavailable)
rNeg    + . .      Spirit   .    t - +4 plate armour
rPois   .          Reflect  .    (no helmet)
rElec   .          Harm     .    q - +0 cloak
rCorr   .          Rampage  .    r - +1 pair of gloves
Will    +++..                    (no boots) Stlth
                                 (no amulet)
HPRegen 0.39/turn                p - ring of willpower
MPRegen 0.12/turn                A - ring of Plog {rN+ Will++ Dex+2}

@: berserking, corroded, very quick
A: (nimble swimmer 2), mertail
a: Renounce Religion, Berserk, Trog's Hand, Brothers in Arms


You were on level 9 of the Dungeon.
You worshipped Trog.
Trog was greatly pleased with you.
You visited 1 branch of the dungeon, and saw 9 of its levels.

You collected 447 gold pieces.
You spent 24 gold pieces at shops.

Inventory:

Hand Weapons
 a - a +0 scythe (weapon)
 b - a +0 trident
Missiles
 f - 72 stones (quivered)
 h - 7 javelins
 i - 13 boomerangs
 v - 19 poisoned darts
Armour
 q - a +0 cloak (worn)
 r - a +1 pair of gloves (worn)
 t - a +4 plate armour (worn)
Jewellery
 o - a ring of fire
 p - a ring of willpower (left hand)
 A - the ring of Plog (right hand) {rN+ Will++ Dex+2}
   (You found it on level 6 of the Dungeon)

   [ring of positive energy]

   Dex:       It affects your dexterity (+2).
   rN:        It protects you from negative energy.
   Will:      It greatly increases your willpower.
 D - a ring of positive energy
Wands
 y - a wand of polymorph (11)
 z - a wand of roots (8)
 C - a wand of quicksilver (12)
Scrolls
 c - a scroll of fear
 g - 3 scrolls of silence
 j - a scroll of noise {unknown}
 m - 2 scrolls of fog
 u - 4 scrolls of identify
 x - a scroll of blinking {unknown}
 B - a scroll of teleportation
Potions
 d - 3 potions of mutation
 e - 4 potions of curing
 k - 3 potions of might
 l - 3 potions of cancellation
 n - a potion of attraction
 s - a potion of lignification
 w - 2 potions of invisibility


   Skills:
 - Level 6.0 Fighting
 + Level 15.1 Polearms
 + Level 3.8 Armour
 - Level 6.0 Dodging
 + Level 4.5 Evocations


You had 9 spell levels left.
You didn't know any spells.
Your spell library was empty.

Dungeon Overview and Level Annotations

Branches:
Dungeon (9/15)             Temple (0/1) D:7            Lair (0/5) D:8
    Orc: D:9-12

Altars:
Gozag
Kikubaaqudgha
Makhleb

Shops:
D:2 (   D:7 !


Innate Abilities, Weirdness & Mutations

((You are very nimble when in or above water. (Stealth+, EV+, Speed+++)))
Your lower body shifts to a powerful aquatic tail in water.


Message History

The acid dragon bites you but does no damage.
The acid dragon claws you.
You are too injured to fight recklessly!
You are too injured to fight recklessly!
You are too injured to fight recklessly!
You are too injured to fight recklessly!
You are too injured to fight recklessly!
You are too injured to fight recklessly!
You are too injured to fight recklessly!
You slash the orc warrior!
The orc warrior is heavily wounded.
You barely miss the orc warrior.
The orc warrior is heavily wounded.
The orc closely misses you.
The orc wizard hits you but does no damage.
The orc hits you with a +0 whip. The orc warrior barely misses you.
The acid dragon bites you. The acid dragon barely misses you.
You barely miss the orc warrior.
The orc warrior is heavily wounded.
The orc hits you but does no damage. x2
The orc warrior hits you with a +0 dire flail.
The acid dragon spits acid at you. The splash of acid hits you!!
* * * LOW HITPOINT WARNING * * *
The acid corrodes you!
The orc wizard hits you but does no damage.
You barely miss the orc warrior.
The orc warrior is heavily wounded.
You hit the orc warrior.
The orc warrior is heavily wounded.
The orc barely misses you.
The orc warrior hits you with a +0 dire flail!
* * * LOW HITPOINT WARNING * * *
The acid dragon spits acid at you. The splash of acid hits you!
* * * LOW HITPOINT WARNING * * *
The acid corrodes you!
The orc wizard hits you but does no damage.
The orc hits you with a +0 short sword.
You die...

# #. . #. ####+##
#####.#########.....#
.?....oo..##..'.....#
......D@..#..##...).# ##
......oo....###.....###.
....).....### #.....'...
########### #.....####
#######


You could see an orc warrior, an acid dragon (catching breath), an orc wizard
and 2 orcs.

Vanquished Creatures
  Sigmund (D:4)
  A yak (D:8)
  Eustachio (D:4)
  2 steam dragons
  Menkaure (D:5)
  4 water moccasins
  An acid dragon (D:8)
  2 ice beasts
  2 orc warriors (D:7)
  A black bear (D:8)
  A sky beast (D:7)
  2 ogres (D:6)
  3 centaurs
  4 bullfrogs
  A kobold brigand (D:7)
  3 necrophages
  6 scorpions
  2 howler monkeys
  3 hounds
  A jelly (D:5)
  Crazy Yiuf (D:2)
  An orc priest (D:6)
  A gnoll bouda (D:5)
  Natasha (thrice) (D:4)
  3 iguanas (D:5)
  10 orc wizards
  6 gnolls
  12 adders
  A shadow imp (D:6)
  A white imp (D:5)
  2 ufetubi
  2 worms
  A dart slug (D:3)
  37 orcs
  3 bats
  9 endoplasms
  4 giant cockroaches
  8 goblins
  9 hobgoblins
  7 jackals
  8 quokkas
  13 ball pythons
  8 frilled lizards
  18 kobolds
  2 rats
212 creatures vanquished.

Vanquished Creatures (others)
  11 fungi
  22 plants
33 creatures vanquished.

Grand Total: 245 creatures vanquished

Notes
Turn   | Place    | Note
-------+----------+-------------------------------------------
     0 | D:1      | jejorda2 the Merfolk Berserker began the quest for the Orb.
     0 | D:1      | Reached XP level 1. HP: 18/18 MP: 1/1
   148 | D:1      | Reached XP level 2. HP: 24/24 MP: 2/2
   597 | D:1      | Reached XP level 3. HP: 29/29 MP: 3/3
   666 | D:1      | Reached ** piety under Trog
   668 | D:1      | Reached skill level 5 in Polearms
   767 | D:1      | Found a faded altar of an unknown god.
  1075 | D:2      | Found Isyc's Antique Weapon Shoppe.
  1239 | D:2      | You fall into a shaft and drop 1 floor!
  1425 | D:2      | Reached XP level 4. HP: 37/37 MP: 4/4
  1448 | D:2      | Found a runed translucent door.
  1449 | D:2      | Noticed Crazy Yiuf
  1459 | D:2      | Killed Crazy Yiuf
  2030 | D:3      | Reached XP level 5. HP: 40/42 MP: 5/5
  2042 | D:3      | Reached skill level 6 in Polearms
  2512 | D:3      | Reached *** piety under Trog
  2613 | D:3      | Found a burning altar of Makhleb.
  2615 | D:3      | Noticed a green death
  2619 | D:3      | Noticed a ynoxinul
  2619 | D:3      | Noticed a neqoxec
  3023 | D:4      | Noticed Natasha
  3037 | D:4      | Killed Natasha
  3304 | D:4      | Found an ancient bone altar of Kikubaaqudgha.
  3346 | D:4      | Noticed Eustachio
  3368 | D:4      | Killed Eustachio
  3369 | D:4      | Reached skill level 7 in Polearms
  3369 | D:4      | Reached XP level 6. HP: 49/49 MP: 6/6
  3473 | D:4      | Reached skill level 5 in Dodging
  3644 | D:4      | Noticed Sigmund
  3656 | D:4      | Killed Sigmund
  3657 | D:4      | Reached skill level 5 in Fighting
  3657 | D:4      | Reached skill level 8 in Polearms
  3657 | D:4      | Reached XP level 7. HP: 56/56 MP: 7/7
  3761 | D:4      | Noticed Natasha
  3772 | D:4      | Killed Natasha
  3922 | D:4      | Noticed Natasha
  3930 | D:4      | Killed Natasha
  4038 | D:5      | Entered Level 5 of the Dungeon
  4333 | D:5      | Noticed Menkaure
  4339 | D:5      | Killed Menkaure
  4340 | D:5      | Reached skill level 9 in Polearms
  4340 | D:5      | Reached XP level 8. HP: 22/64 MP: 8/8
  4496 | D:5      | Reached **** piety under Trog
  4694 | D:5      | Reached skill level 10 in Polearms
  5259 | D:6      | Reached skill level 11 in Polearms
  5475 | D:6      | Reached skill level 12 in Polearms
  5774 | D:6      | Reached XP level 9. HP: 20/69 MP: 9/9
  6007 | D:6      | Identified the ring of Plog {rN+ Will++ Dex+2}
  6214 | D:7      | Reached skill level 13 in Polearms
  6214 | D:7      | Reached skill level 1 in Evocations
  6442 | D:7      | Found a staircase to the Ecumenical Temple.
  6721 | D:7      | Found Plog's Distillery.
  6729 | D:7      | Bought 2 potions of degeneration for 24 gold pieces
  6734 | D:7      | Identified the +3 leather armour of the Bespelled God {Harm
                  | rN+ rCorr Dex-4}
  6981 | D:7      | Reached skill level 14 in Polearms
  7168 | D:8      | HP: 5/103 [poisoned by a water moccasin]
  7170 | D:8      | HP: 1/69 [poisoned by a water moccasin]
  7435 | D:8      | Found an opulent altar of Gozag.
  7487 | D:8      | Reached XP level 10. HP: 54/76 MP: 10/10
  7676 | D:8      | Found a staircase to the Lair.
  7701 | D:8      | Reached skill level 15 in Polearms
  8182 | D:9      | HP: 1/114 [acid dragon/splash of acid (7)]
  8182 | D:9      | Slain by an orc

Illustrated notes

Levels and vault maps discovered:
D:1:      lightli_arrival_statuegarden, layout_basic,
          ebering_ecumenical_altar_hall
D:2:      layout_loops_ring, serial_shops, shop, grunt_decor_one_mirror,
          uniq_crazy_yiuf_cottage
D:3:      kennysheep_six_static_rooms, layout_basic, makhleb_altar_promises_db,
          serial_bayou_pond_b, due_unseen_surprise
D:4:      layout_loops_corners, lemuel_coloured_pillars_altar,
          nrook_loot_triangle, uniq_sigmund, uniq_natasha, uniq_eustachio
D:5:      layout_basic, hangedman_glass_teeth, minmay_starry_boxes,
          uniq_menkaure
D:6:      layout_cave_pools, serial_bayou_crossing
D:7:      minmay_spotlight, layout_loops_ring, minmay_temple_entry_glass,
          serial_shops, nicolae_diamond_shop
D:8:      layout_basic, nicolae_gozag_seed_capital, due_lair_maze_entry_diamond,
          dreamdust_princess_corridor
D:9:      layout_roguey, marbit_many_paths, mainiacjoe_overflow_paths

Skill      XL: |  1  2  3  4  5  6  7  8  9 10 |
---------------+-------------------------------+-----
Dodging        | 3 4 5 6 |  6.0
Polearms       | 5 7 8 9 12 14 15 | 15.1
Fighting       | 4 5 6 |  6.0
Evocations     | 3 4 |  4.5
Armour         | 3 |  3.8

Action                   |  1- 3 |  4- 6 |  7- 9 | 10-12 || total
-------------------------+-------+-------+-------+-------++-------
Melee: Spear             |   115 |   209 |       |       ||   324
       Punch             |     2 |     2 |       |       ||     4
       Halberd           |       |       |   364 |    60 ||   424
Throw: Stone             |       |       |     3 |       ||     3
Invok: Berserk           |     2 |     4 |     5 |     3 ||    14
       Trog's Hand       |       |     1 |     1 |       ||     2
  Use: Scroll            |       |       |    15 |       ||    15
       Potion            |       |       |     1 |       ||     1
 Stab: Sleeping          |     2 |       |       |       ||     2
Armor: Animal skin       |    15 |     2 |       |       ||    17
       Chain mail        |       |    34 |    64 |       ||    98
       Leather armour    |       |     9 |       |       ||     9
       Plate armour      |       |       |    99 |    48 ||   147
Dodge: Dodged            |    51 |    78 |   133 |    25 ||   287

Table legend: (Time is in decaauts)
 A = Elapsed time spent in this place.
 B = Non-inter-level travel time spent in this place.
 C = Inter-level travel time spent in this place.
 D = Time resting spent in this place.
 E = Time spent auto-exploring this place.
 F = Levels seen in this place.
 G = Mean time per level.
                   A        B        C        D        E       F      G
               +--------+--------+--------+--------+--------+-----+--------+
         Total |   8180 |   7789 |    391 |    463 |   5985 |   9 |  908.9 |
       Dungeon |   8180 |   7789 |    391 |    463 |   5985 |   9 |  908.9 |
               +--------+--------+--------+--------+--------+-----+--------+

Top non-repeatable levels by time:
     D:5: 1218 daAuts
     D:3: 1139 daAuts
     D:1: 1072 daAuts
     D:7: 1070 daAuts
     D:4: 1026 daAuts
     D:6: 889 daAuts
     D:8: 871 daAuts
     D:2: 830 daAuts
     D:9: 60 daAuts
